 Dungeon Sprint DCSS version 0.21.1-1-g345015f (webtiles) character file.

58 joklet the Thaumaturge (level 3, -11/19 HPs)
             Began as a Deep Elf Fire Elementalist on Mar 15, 2018.
             Mangled by a water elemental (19 damage)
             ... in the Dungeon (Sprint III: "The Ten Rune Challenge").
             The game lasted 00:02:11 (386 turns).

joklet the Thaumaturge (Deep Elf Fire Elementalist)  Turns: 386, Time: 00:02:11

Health: -11/19     AC:  4    Str:  5    XL:     3   Next: 75%
Magic:  10/16      EV: 13    Int: 20    God:
Gold:   21         SH:  0    Dex: 15    Spells: 19/22 levels left

rFire    . . .     SeeInvis .   k - +2 dagger (venom)
rCold    . . .     Gourm    .   (no shield)
rNeg     . . .     Faith    .   a - +0 robe
rPois    .         Spirit   .   (no helmet)
rElec    .         Reflect  .   (no cloak)
rCorr    .         Harm     .   (no gloves)
MR       .....     NoTele   +   (no boots)
Stlth    ++........             (no amulet)
HPRegen  0.06/turn              (no ring)
MPRegen  0.15/turn              (no ring)

@: no status effects
A: hooves 1, molten scales 1
a: no special abilities


You were in the Dungeon.
You were not hungry.

You visited 1 branch You collected 21 gold pieces.

Inventory:

Hand Weapons
 j - a +4 hand axe
 k - a +2 dagger of venom (weapon)
Armour
 a - a +0 robe (worn)
Scrolls
 i - a scroll of blinking
 l - a scroll of torment {unknown}
 m - 2 scrolls of identify {unknown}
 n - a scroll of remove curse {unknown}
 p - a scroll of holy word {unknown}
 q - a scroll of enchant armour {unknown}
Potions
 d - a potion of curing
 e - a potion of heal wounds
 f - a potion of haste
 g - 2 potions of magic
 h - a potion of berserk rage
 o - a potion of flight {unknown}
 r - a potion of agility {unknown}
 s - 2 potions of lignification {unknown}
Books
 b - a book of Flames

   Spells                             Type                      Level
   a - Flame Tongue                   Conjuration/Fire             1
   b - Throw Flame                    Conjuration/Fire             2
   c - Conjure Flame                  Conjuration/Fire             3
   d - Inner Flame                    Hexes/Fire                   3
   e - Sticky Flame                   Conjuration/Fire             4
   f - Fireball                       Conjuration/Fire             5
Comestibles
 c - 3 rations


   Skills:
 - Level 0.6 Short Blades
 - Level 2.4 Dodging
 - Level 2.4 Stealth
 + Level 10.0 Spellcasting
 - Level 1.1 Conjurations
 - Level 3.2 Fire Magic


You had 19 spell levels left.
You knew the following spells:

 Your Spells              Type           Power        Failure   Level  Hunger
a - Flame Tongue          Conj/Fire      ###..        2%          1    None
b - Throw Flame           Conj/Fire      ###...       4%          2    None


Dungeon Overview and Level Annotations

Branches:
Dungeon (1/1)

Altars:


Innate Abilities, Weirdness & Mutations

You have large cloven feet.
You are partially covered in molten scales. (AC +2)


Message History

The flame tongue hits the water elemental.
The water elemental is burned terribly!
The water elemental is almost destroyed.
The water elemental hits you!
Ouch! That really hurt!
The water elemental engulfs you in water!
With effort, you pull free of the water engulfing you.
You gasp with relief as air once again reaches your lungs.
The water elemental barely misses you.
Casting: Flame Tongue
Confirm with . or Enter, or press ? or * to list all spells.
Aiming: Flame Tongue
Press: ? - help, Shift-Dir - straight line, f/p - water elemental
Aim: a water elemental (almost destroyed)
The flame tongue hits the water elemental.
The water elemental appears unharmed.
The water elemental is almost destroyed.
The water elemental hits you!!
Ouch! That really hurt!
You die...

▓▓▓▓▓▓▓▓▓▓▓ ▓▓▓
▓<.#..'...♣♣ ♣.# *
▓..#..#....♣ ♣♣.# _
▓#'####....♣♣ ♣..#
▓.....#....≈♣♣♣♣♣.# #+#+#
▓.....#...≈≈♣♣.♣♣.#......
,
▓.....#..≈≈≈≈♣♣...'.⌠....
▓####[#..≈≈≈≈≈≈...#...###*
▓(....#.≈≈≈≈≈≈@E..# ⌠.#
▓.....#.≈≈≈≈≈.....# .# ,
▓.....#.≈≈≈.......# #
▓'#####...........#
▓.................# _
▓▓▓▓▓▓▓▓▓▓▓▓▓▓▓▓▓▓▓ * ** *
, ≈ ≈ ≈ , * ≈ ,


You could see a water elemental.

Vanquished Creatures
  Jessica (D)
  A human (D)
  2 oozes (D)
  A phantom (D)
  A rat (D)
6 creatures vanquished.

Vanquished Creatures (others)
  2 draconian scorchers (D)
  2 yaktaurs (D)
  6 hellions (D)
10 creatures vanquished.

Grand Total: 16 creatures vanquished

Notes
Turn   | Place    | Note
-------+----------+-------------------------------------------
     0 | D        | joklet the Deep Elf Fire Elementalist began the quest for the Orb.
     0 | D        | Reached XP level 1. HP: 10/10 MP: 6/6
     5 | D        | Reached skill level 5 in Spellcasting
    60 | D        | Reached skill level 6 in Spellcasting
    60 | D        | Reached XP level 2. HP: 15/15 MP: 6/11
    89 | D        | Killed a hellion
    89 | D        | Killed a hellion
    90 | D        | Killed a hellion
    90 | D        | Killed a hellion
    91 | D        | Killed a yaktaur
   101 | D        | Noticed Jessica
   106 | D        | Killed Jessica
   106 | D        | Reached skill level 8 in Spellcasting
   106 | D        | Reached XP level 3. HP: 14/19 MP: 6/15
   116 | D        | Killed a hellion
   176 | D        | Killed a white draconian scorcher
   184 | D        | Learned a level 2 spell: Throw Flame
   197 | D        | Killed a hellion
   202 | D        | Killed a white draconian scorcher
   222 | D        | Reached skill level 9 in Spellcasting
   297 | D        | Reached skill level 10 in Spellcasting
   334 | D        | Killed a yaktaur
   351 | D        | Gained mutation: Your mind is acute. (Int +2) [potion of mutation]
   351 | D        | Gained mutation: You passively map a small area around you. [potion of mutation]
   352 | D        | Lost mutation: Your mind is acute. (Int +2) [potion of mutation]
   352 | D        | Gained mutation: You are surrounded by a mild repulsion field. (EV +2) [potion of mutation]
   352 | D        | Gained mutation: You passively map the area around you. [potion of mutation]
   353 | D        | Lost mutation: You passively map the area around you. [potion of mutation]
   353 | D        | Lost mutation: You are surrounded by a mild repulsion field. (EV +2) [potion of mutation]
   353 | D        | Lost mutation: You passively map a small area around you. [potion of mutation]
   353 | D        | Gained mutation: Your magical capacity is low. (-10% MP) [potion of mutation]
   353 | D        | Gained mutation: You have large cloven feet. [potion of mutation]
   353 | D        | Gained mutation: Your spells are a little harder to cast, but a little more powerful. [potion of mutation]
   354 | D        | Lost mutation: Your magical capacity is low. (-10% MP) [potion of mutation]
   354 | D        | Lost mutation: Your spells are a little harder to cast, but a little more powerful. [potion of mutation]
   354 | D        | Gained mutation: You are partially covered in molten scales. (AC +2) [potion of mutation]
   376 | D        | Noticed a water elemental
   386 | D        | Mangled by a water elemental

Skill      XL: |  1  2  3 |
---------------+----------+-----
Spellcasting   | 6 8 10 | 10.0
Short Blades   | |  0.6
Dodging        | |  2.4
Stealth        | |  2.4
Conjurations   | |  1.1
Fire Magic     | |  3.2

Action                   || total
-------------------------++-------
Melee: Dagger            ||     6
 Cast: Flame Tongue      ||    21
       Throw Flame       ||     8
  Use: Potion            ||     4
Armor: Robe              ||     2
Dodge: Dodged            ||     7
